 Dungeon Crawl Stone Soup version 0.26-a0-852-g6321bf7485 (webtiles) character file.

Game seed: 14796268557557409045

137 sahdkjhfkaj the Covert (level 5, -2/24 HPs)
             Began as a Felid Delver on Nov 21, 2020.
             Slain by a wight
             ... wielding a +3 hand axe of freezing
              (4 damage)
             ... on level 3 of the Dungeon.
             The game lasted 00:04:35 (2790 turns).

sahdkjhfkaj the Covert (Felid Delver)               Turns: 2790, Time: 00:04:36

Health: -2/24      AC:  1    Str: 14    XL:     5   Next: 0%
Magic:  6/6        EV: 17    Int: 12    God:
Gold:   123        SH:  0    Dex: 18    Spells: 4/4 levels left
                                        Lives:  0   Deaths: 1

rFire    . . .     SeeInvis +     - Unarmed
rCold    . . .     Faith    .   (shield unavailable)
rNeg     . . .     Spirit   .   (armour unavailable)
rPois    .         Reflect  .   (helmet unavailable)
rElec    .         Harm     .   (cloak unavailable)
rCorr    .         Rampage  .   (gloves unavailable)
MR       .....                  (boots unavailable)
Stlth    ++++++....             (no amulet)
HPRegen  0.08/turn              n - ring of stealth
MPRegen  0.10/turn              o - +6 ring of strength

@: lightly drained, quick
A: very small, no armour, no weapons or thrown items, stealth, claws 1, fangs 3,
see invisible, speed 1, shaggy fur 1, sharp paws
a: no special abilities


You were on level 3 of the Dungeon.
You visited 1 branch of the dungeon, and saw 5 of its levels.

You collected 123 gold pieces.

Inventory:

Jewellery
 n - a ring of stealth (left paw)
 o - a +6 ring of strength (right paw)
Wands
 e - a wand of digging (3)
Scrolls
 a - a scroll of fog
 b - 3 scrolls of magic mapping
 c - a scroll of fear
 f - 9 scrolls of identify {unknown}
 g - 6 scrolls of remove curse {unknown}
 h - a scroll of random uselessness {unknown}
 j - 4 scrolls of enchant weapon {unknown}
 q - a scroll of blinking {unknown}
 r - a scroll of teleportation {unknown}
Potions
 d - 2 potions of haste
 i - a potion of resistance {unknown}
 k - a potion of degeneration {unknown}
 l - a potion of heal wounds {unknown}
 m - 2 potions of curing {unknown}
 p - a potion of cancellation {unknown}


   Skills:
 - Level 3.0(2.4) Fighting
 - Level 2.6(2.1) Dodging
 + Level 10.4(9.7) Stealth
 - Level 2.0(1.4) Unarmed Combat


You had 4 spell levels left.
You didn't know any spells.
Your spell library was empty.

Dungeon Overview and Level Annotations

Branches:
Dungeon (5/15)
 Temple: D:4-7

Altars:


Innate Abilities, Weirdness & Mutations

You cannot wear armour.
You are incapable of wielding weapons or throwing items.
Your paws allow you to move quietly. (Stealth)
You have sharp claws.
You have razor-sharp teeth.
You have supernaturally acute eyesight. (SInv)
You cover ground quickly.
You are covered in fur. (AC +1)
Your sharp claws are effective at attacking unaware monsters.


Message History

You are too injured to fight recklessly!
You are too injured to fight recklessly!
You are too injured to fight recklessly!
You are too injured to fight recklessly!
You are too injured to fight recklessly!
You are too injured to fight recklessly!
You are too injured to fight recklessly!
You scratch the wight but do no damage. You bite the wight, but do no damage.
The wight is lightly damaged.
You scratch the wight.
The wight is moderately damaged.
The wight hits you with a +3 hand axe of freezing!
* * * LOW HITPOINT WARNING * * *
You feel drained.
* * * LOW HITPOINT WARNING * * *
The wight freezes you.
* * * LOW HITPOINT WARNING * * *
There is a stone staircase leading down here.
The wight hits you with a +3 hand axe of freezing.
You die...

#...#...####### #...
#...#.#.##########..#
#...#.#.......)......
##.##.###############
#.##.# # #.##.# #
#....# # ###..# #
#@.# # #.z######## #
#......>..#
#[######..... #.# ###
#.. z.######## ###
#.....z... ##########


You could see a wight.

Vanquished Creatures
  2 hounds (D:4)
  Terence (D:2)
  5 adders
  An ooze (D:1)
  3 dart slugs
  A leopard gecko (D:1)
  4 orcs (D:3)
  9 bats
  2 giant cockroaches
  4 goblins
  3 hobgoblins
  10 jackals
  2 quokkas
  A ball python (D:2)
  5 frilled lizards
  11 kobolds
  6 rats
70 creatures vanquished.

Notes
Turn   | Place    | Note
-------+----------+-------------------------------------------
     0 | D:5      | sahdkjhfkaj the Felid Delver began the quest for the Orb.
     0 | D:5      | Reached XP level 1. HP: 10/10 MP: 2/2
   157 | D:4      | Noticed a hound
   157 | D:4      | Noticed a hound
   160 | D:4      | Killed a hound
   161 | D:4      | Reached skill level 7 in Stealth
   161 | D:4      | Reached XP level 2. HP: 14/14 MP: 3/3
   161 | D:4      | Reached XP level 3. HP: 17/17 MP: 4/4
   163 | D:4      | Reached skill level 8 in Stealth
   247 | D:3      | Reached XP level 4. HP: 21/21 MP: 5/5
   406 | D:3      | Reached skill level 9 in Stealth
   942 | D:2      | You fall into a shaft and drop 1 floor!
  1294 | D:1      | Reached XP level 5. HP: 18/24 MP: 6/6
  1642 | D:1      | Slain by a kobold
  1643 | D:1      | Reached XP level 4. HP: -2/21 MP: 5/5
  2253 | D:2      | Reached skill level 10 in Stealth
  2541 | D:2      | Noticed Terence
  2543 | D:2      | Killed Terence
  2744 | D:3      | Reached XP level 5. HP: 24/24 MP: 6/6
  2785 | D:3      | HP: 1/24 [wight/+3 hand axe of freezing (1)]
  2790 | D:3      | Slain by a wight

Illustrated notes

Levels and vault maps discovered:
D:1:      mrwooster_arrival_statue_3, layout_rooms, st_stairs_5
D:2:      layout_basic, uniq_terence
D:3:      layout_loops_ring, nicolae_underground_beach
D:4:      layout_loops_cross, uniq_blork_the_orc
D:5:      layout_basic, lemuel_coloured_pillars_altar,
          minmay_temple_entry_glass, serial_corexii_hall,
          corexii_hall_statues_l, corexii_hall_statues_t, tgw_fedhas

Skill      XL: |  1  2  3  4 |
---------------+-------------+-----
Stealth        | 7 8 10 | 10.4
Fighting       | |  3.0
Dodging        | |  2.6
Unarmed Combat | |  2.0

Action                   |  1- 3 |  4- 6 || total
-------------------------+-------+-------++-------
Melee: Unarmed           |     5 |   187 ||   192
       Bite              |     1 |    15 ||    16
       Punch             |       |     4 ||     4
 Stab: Sleeping          |     3 |    25 ||    28
Armor: Skin              |       |    17 ||    17
Dodge: Dodged            |     1 |   186 ||   187

Table legend: (Time is in decaauts)
 A = Elapsed time spent in this place.
 B = Non-inter-level travel time spent in this place.
 C = Inter-level travel time spent in this place.
 D = Time resting spent in this place.
 E = Time spent auto-exploring this place.
 F = Levels seen in this place.
 G = Mean time per level.
                   A        B        C        D        E       F      G
               +--------+--------+--------+--------+--------+-----+--------+
         Total |   2428 |   2336 |     92 |      0 |   1800 |   5 |  485.6 |
       Dungeon |   2428 |   2336 |     92 |      0 |   1800 |   5 |  485.6 |
               +--------+--------+--------+--------+--------+-----+--------+

Top non-repeatable levels by time:
     D:1: 1026 daAuts
     D:3: 705 daAuts
     D:2: 511 daAuts
     D:5: 102 daAuts
     D:4: 82 daAuts
